 Dungeon Crawl Stone Soup version 0.22-a0-799-g88f5e90 (webtiles) character file.

899 Amnesiac the Digger (level 7, -1/46 HPs)
             Began as a Mummy Earth Elementalist on July 21, 2018.
             Was a Follower of Vehumet.
             Slain by an ice beast (5 damage)
             ... on level 4 of the Dungeon.
             The game lasted 00:08:52 (4670 turns).

Amnesiac the Digger (Mummy Earth Elementalist)      Turns: 4670, Time: 00:08:53

Health: -1/46      AC:  4    Str: 11    XL:     7   Next: 79%
Magic:  2/16       EV: 12    Int: 16    God:    Vehumet [*.....]
Gold:   104        SH:  0    Dex: 13    Spells: 4/19 levels left

rFire    + . .     SeeInvis .   s - +3 quarterstaff (chaos)
rCold    + . .     Gourm    .   (shield currently unavailable)
rNeg     + + +     Faith    +   q - +0 robe {rF+}
rPois    ∞         Spirit   .   (no helmet)
rElec    .         Reflect  .   r - +0 cloak
rCorr    .         Harm     .   (no gloves)
MR       .....                  e - +0 pair of boots
Stlth    ++........             k - amulet of faith
HPRegen  0.15/turn              m - ring of protection from cold
MPRegen  0.15/turn              l - ring of fire

@: no status effects
A: no food or potions, fire vulnerability, cold resistance 1, negative energy
resistance 3, torment resistance, unbreathing
a: Renounce Religion


You were on level 4 of the Dungeon.
You worshipped Vehumet.
Vehumet was aware of your devotion.
You were not hungry.

You visited 2 branches of the dungeon, and saw 6 of its levels.

You collected 104 gold pieces.

Inventory:

Hand Weapons
 d - a +0 dagger
 g - a +0 hunting sling
 p - a +2 antimagic dire flail
 s - a +3 quarterstaff of chaos (weapon)
Missiles
 b - 47 stones (quivered)
Armour
 e - a +0 pair of boots (worn)
 q - a +0 robe of fire resistance (worn)
 r - a +0 cloak (worn)
 t - a +2 ring mail of poison resistance
Jewellery
 h - a +3 ring of strength
 j - an uncursed amulet of guardian spirit
 k - an amulet of faith (around neck)
 l - a ring of fire (right hand)
 m - a ring of protection from cold (left hand)
Wands
 c - a wand of iceblast (8)
Scrolls
 a - 2 scrolls of magic mapping {!r}
 f - a scroll of teleportation {!r}
 i - a scroll of identify {!r}
 n - 3 scrolls of remove curse {!r}
 u - a scroll of noise {!r}


   Skills:
 - Level 1.5 Dodging
 - Level 1.5 Stealth
 + Level 6.6 Spellcasting
 - Level 0.7 Transmutations
 * Level 6.6 Earth Magic


You had 4 spell levels left.
You knew the following spells:

 Your Spells              Type           Power        Failure   Level  Hunger
a - Stone Arrow           Conj/Erth      ###...       10%         3    N/A
b - Passwall              Tmut/Erth      ###.....     4%          2    N/A
c - Sandblast             Erth           ####..       1%          1    N/A
d - Lee's Rapid Deconstr  Erth           ####......   24%         5    N/A
e - Petrify               Tmut/Erth      ###.....     28%         4    N/A

Your spell library contained the following spells:

 Spells                   Type           Power        Failure   Level  Hunger


Dungeon Overview and Level Annotations

Branches:
Dungeon (5/15)             Temple (1/1) D:5

Altars:
Ashenzari
Cheibriados
Fedhas
Gozag
Hepliaklqana
Makhleb
Nemelex Xobeh
Qazlal
Ru
Trog
Uskayaw
Vehumet
Xom
Yredelemnul
The Shining One


Innate Abilities, Weirdness & Mutations

You do not eat or drink.
Your flesh is vulnerable to fire.
You are immune to poison.
Your flesh is cold resistant. (rC+)
You are immune to negative energy. (rN+++)
You are immune to unholy pain and torment.
You can survive without breathing.


Message History

Edmund hits you with an antimagic dire flail!
You barely miss Edmund.
Edmund is severely wounded.
Edmund hits you with an antimagic dire flail!
You feel your power leaking away.
You hit Edmund. Lightning courses through Edmund!
You kill Edmund!
Vehumet accepts your kill.
Things that are here:
an antimagic dire flail; a shiny ring mail; the human corpse of Edmund
p - an antimagic dire flail;
t - a shiny ring mail You start resting.
The orc wizard is too close now for your liking.
The orc wizard shouts!
You sock the orc wizard!
The orc wizard appears confused.
The orc wizard is severely wounded.
The orc wizard shouts!
You hear a shout!
The orc wizard gestures at you while chanting.
The puff of flame hits you! You resist.
You hit the orc wizard.
You kill the orc wizard!
Vehumet accepts your kill.
Things that are here:
a dagger; a robe You hit the orc wizard.
You freeze the orc wizard.
The orc wizard is moderately wounded.
The orc wizard gestures wildly while chanting.
The orc wizard flickers and vanishes!
Deactivating autopickup; reactivate with Ctrl-A.
The ice beast hits you. The ice beast freezes you. You resist.
* * * LOW HITPOINT WARNING * * *
Something hits you but does no damage.
You hit the ice beast but do no damage.
The ice beast seems to speed up.
The ice beast hits you.
* * * LOW HITPOINT WARNING * * *
The ice beast freezes you. You resist.
* * * LOW HITPOINT WARNING * * *
Something hits you.
* * * LOW HITPOINT WARNING * * *
The ice beast barely misses you. The ice beast closely misses you.
The ice beast hits you but does no damage.
The ice beast hits you.
* * * LOW HITPOINT WARNING * * *
The ice beast freezes you. You resist.
* * * LOW HITPOINT WARNING * * *
The ice beast closely misses you.
You see here a ration.
Really read
o - a scroll labeled RUORANYTUI {!r}?
As you read the scroll labeled RUORANYTUI {!r}, it crumbles to dust.
The creatures around you are filled with an inner flame!
It was a scroll of immolation {!r}.
The ice beast barely misses you. The ice beast misses you.
Casting: Stone Arrow (safe; 10% risk of failure)
Confirm with . or Enter, or press ? or * to list all spells.
Aiming: Passwall (safe; 4% risk of failure)
Press: ? - help, Dir - move target cursor A rock wall.
The ice beast hits you.
* * * LOW HITPOINT WARNING * * *
The ice beast freezes you. You resist.
* * * LOW HITPOINT WARNING * * *
The ice beast hits you.
You die...

...#### #.# ......#
#.# ...##.# #.#
....#.# #.# [...#.#
#.#
..#.#.###.############
......).g...........>#
....#.#.#.##.#########
.#o.#.#.#.#..g%Y@#
.#.l#.#.#.##.###.#
.##.#.#.#.#....#.#
.##o#.#.#.#..#.#.#
.##.#.#.#.#..#.#.#
.##...#.#.#....#.#
.##...#†#......#.#
#...#.####.#.#)#
#...#.# #.#.#


You could see an ice beast (inner flame) and a gnoll (inner flame).

Vanquished Creatures
  Edmund (D:4)
  3 ogres (D:4)
  A scorpion (D:4)
  A howler monkey (D:4)
  Crazy Yiuf (D:2)
  2 hounds
  An orc priest (D:5)
  A bullfrog skeleton (D:5)
  A centaur skeleton (D:4)
  A jelly (D:5)
  An orc wizard (D:4)
  A worker ant (D:4)
  4 adders
  4 gnolls (D:3)
  3 shadow imps (D:5)
  2 oozes
  An adder zombie (D:5)
  2 worms
  8 leopard geckos
  8 orcs
  A ball python (D:5)
  4 giant cockroaches
  5 hobgoblins
  2 jackals (D:2)
  5 quokkas
  4 bats
  5 frilled lizards
  4 goblins
  6 kobolds
  2 quokka skeletons
  10 rats
  A fungus (D:2)
96 creatures vanquished.

Notes
Turn   | Place    | Note
-------+----------+-------------------------------------------
     0 | D:1      | Amnesiac the Mummy Earth Elementalist began the quest for the Orb.
     0 | D:1      | Reached XP level 1. HP: 13/13 MP: 4/4
   342 | D:2      | Reached XP level 2. HP: 19/19 MP: 4/6
   348 | D:2      | Learned a level 2 spell: Passwall
   498 | D:3      | Reached XP level 3. HP: 12/24 MP: 0/7
   503 | D:3      | Learned a level 3 spell: Stone Arrow
   633 | D:4      | Noticed a scorpion
   737 | D:4      | Killed a scorpion
   737 | D:4      | Reached XP level 4. HP: 11/30 MP: 2/9
   956 | D:4      | Found a hide-covered altar of Uskayaw.
   957 | D:4      | Found a blossoming altar of Fedhas.
   958 | D:4      | Noticed an ogre
   958 | D:4      | Noticed an ogre
   969 | D:4      | Killed an ogre
   969 | D:4      | Reached XP level 5. HP: 22/35 MP: 4/11
  1029 | D:4      | Learned a level 4 spell: Petrify
  1089 | D:4      | Killed an ogre
  1089 | D:4      | Reached XP level 6. HP: 25/41 MP: 6/13
  1198 | D:4      | Reached skill level 5 in Spellcasting
  1198 | D:4      | Reached skill level 5 in Earth Magic
  1418 | D:4      | Noticed Edmund
  1763 | D:4      | Noticed an ice beast
  1835 | D:5      | Entered Level 5 of the Dungeon
  2103 | D:5      | Found a hazy altar of Hepliaklqana.
  2223 | D:5      | Learned a level 5 spell: Lee's Rapid Deconstruction
  2817 | D:5      | Found a staircase to the Ecumenical Temple.
  2911 | Temple   | Entered the Ecumenical Temple
  2980 | Temple   | Became a worshipper of Vehumet
  3022 | D:5      | Reached XP level 7. HP: 33/46 MP: 10/15
  3657 | D:2      | Reached * piety under Vehumet
  3657 | D:2      | Offered knowledge of Flame Tongue by Vehumet.
  3811 | D:2      | Found a shattered altar of Ashenzari.
  3896 | D:2      | Found a runed door.
  3900 | D:2      | Noticed Crazy Yiuf
  3903 | D:2      | Killed Crazy Yiuf
  4276 | D:3      | Found a stormy altar of Qazlal.
  4423 | D:3      | Found a sparkling altar of Nemelex Xobeh.
  4640 | D:4      | Killed Edmund
  4670 | D:4      | Slain by an ice beast

Vault maps used:
D:1:      dpeg_arrival_oval, minmay_pentomino_q4
D:2:      lemuel_coloured_pillars_altar, minmay_tripent, uniq_crazy_yiuf_cottage
D:3:      old_standard_altar, serial_glass, glass_columns_b, glass_columns_b,
          nemelex_altar_shiori
D:4:      grunt_temple_overflow_open, first_ration, uniq_edmund
D:5:      kennysheep_mini_moat, kennysheep_mini,
          minmay_temple_entry_enclosed_plants, serial_curves, eino_curves_04,
          eino_curves_04, kennysheep_big_empty_room
Temple:   compressed_dpeg_circular_temple

Skill      XL: |  1  2  3  4  5  6  7 |
---------------+----------------------+-----
Spellcasting   | 3 4 5 6 |  6.6
Earth Magic    | 3 4 5 6 |  6.6
Dodging        | |  1.5
Stealth        | |  1.5
Transmutations | |  0.7

Action                   |  1- 3 |  4- 6 |  7- 9 || total
-------------------------+-------+-------+-------++-------
Melee: Dagger            |    15 |    67 |   119 ||   201
       Quarterstaff      |       |       |    49 ||    49
 Cast: Sandblast         |    31 |    58 |     8 ||    97
       Passwall          |       |     9 |     4 ||    13
       Petrify           |       |     4 |       ||     4
       Stone Arrow       |       |       |    26 ||    26
  Use: Scroll            |       |       |     9 ||     9
 Stab: Sleeping          |     1 |       |     2 ||     3
Armor: Robe              |     4 |    16 |    43 ||    63
Dodge: Dodged            |    13 |    69 |   118 ||   200

Table legend:
 A = Spawn XP
 B = Non-spawn XP
 C = Spawn XP percentage of total XP
 D = Spawn monster count
 E = Non-spawn monster count
 F = Spawn count percentage of total count
 G = Total turns spent on level
                    A         B        C        D         E        F      G
               +---------+---------+-------+---------+---------+-------+---------
         Total |       0 |    1285 |   0.0 |       0 |      95 |   0.0 |  4670
               +---------+---------+-------+---------+---------+-------+---------
           D:1 |       0 |      13 |   0.0 |       0 |      11 |   0.0 |   546
           D:2 |       0 |     134 |   0.0 |       0 |      28 |   0.0 |   809
           D:3 |       0 |      83 |   0.0 |       0 |      17 |   0.0 |   711
           D:4 |       0 |     825 |   0.0 |       0 |      23 |   0.0 |  1394
           D:5 |       0 |     230 |   0.0 |       0 |      16 |   0.0 |  1125
               +---------+---------+-------+---------+---------+-------+---------
